 Dungeon Crawl Stone Soup version 0.30.0-29-ga12c61a403 (webtiles) character file.

Game seed: 11059499559491138170

118 Sabo the Gusty (level 4, 0/34 HPs)
             Began as a Draconian Air Elementalist on June 15, 2023.
             Succumbed to a kobold brigand's poison
             ... on level 3 of the Dungeon.
             The game lasted 00:15:42 (2998 turns).

Sabo the Gusty (Draconian Air Elementalist)         Turns: 2998, Time: 00:15:42

Health: 0/34       AC:  8    Str:  8    XL:     4   Next: 72%
Magic:  7/17       EV: 12    Int: 17    God:
Gold:   88         SH:  0    Dex: 17    Spells: 7/8 levels left

rFire   . . .        c - +0 hand axe
rCold   . . .        (no shield)
rNeg    + . .        (body armour unavailable)
rPois   .            (helmet restricted)
rElec   .            (no cloak)
rCorr   .            (no gloves)
SInv    +            o - +2 pair of boots "Rargh" {rN+ Str-3 Dex+6}
Will    .....        (no amulet)
Stlth   ++           q - ring of magical power
HPRegen 0.25/turn    n - ring of see invisible
MPRegen 0.15/turn

%: no passive effects
@: lethally poisoned (0 -> -21), slowed, very slow
A: AC +5, unfitting armour, cold-blooded
a: no special abilities


You were on level 3 of the Dungeon.
You visited 1 branch of the dungeon, and saw 3 of its levels.

You collected 88 gold pieces.

Inventory:

Hand Weapons
 c - a +0 hand axe (weapon)
Missiles
 g - 3 curare-tipped darts
Armour
 o - the +2 pair of boots "Rargh" (worn) {rN+ Str-3 Dex+6}
   (You found it on level 2 of the Dungeon)

   Str:       It affects your strength (-3).
   Dex:       It affects your dexterity (+6).
   rN:        It protects you from negative energy.
Magical Staves
 i - a staff of poison
Jewellery
 h - a ring of willpower
 n - a ring of see invisible (right hand)
 q - a ring of magical power (left hand)
Scrolls
 e - a scroll of amnesia
 j - 3 scrolls of teleportation
 l - a scroll of fog
 m - a scroll of immolation
Potions
 a - 2 potions of magic
 b - a potion of heal wounds {unknown}
 d - a potion of attraction {unknown}
 k - 3 potions of curing {unknown}
 p - 2 potions of experience {unknown}
 r - a potion of might {unknown}


   Skills:
 + Level 0.6 Fighting
 + Level 1.7 Axes
 + Level 2.2 Dodging
 + Level 2.2 Stealth
 + Level 2.6 Spellcasting
 + Level 1.9 Conjurations
 + Level 3.6 Air Magic


You had 7 spell levels left.
You knew the following spells:

 Your Spells              Type           Power      Damage    Failure   Level
a - Shock                 Conj/Air       44%        1d5       6%          1

Your spell library contained the following spells:

 Spells                   Type           Power      Damage    Failure   Level
 Static Discharge         Conj/Air       22%        2-3/arc   9%          2
 Swiftness                Air            14%        N/A       12%         3
 Airstrike                Air            7%         2d(1-17)  38%         4
 Volatile Blastmotes      Fire/Tloc      4%         2d10      50%         3
 Fulminant Prism          Conj/Hex       2%         3d5       77%         4
 Iskenderun's Mystic Bla  Conj/Tloc      5%         2d3       77%         4
 Lee's Rapid Deconstruct  Erth           1%         3d4*      99%         5


Dungeon Overview and Level Annotations

Branches:
Dungeon (3/15)

Altars:


Innate Abilities, Weirdness & Mutations

Your plain brown scales are hard. (AC +5)
You cannot fit into any form of body armour.
You are cold-blooded and may be slowed by cold attacks.


Message History

Press: ? - help, Shift-Dir - straight line, f/p - kobold brigand
Aim: a kobold brigand, wielding a +0 dagger of venom and quivering curare-tipped darts (lightly wounded, 60% to hit)
The zap hits the kobold brigand.
The kobold brigand is lightly wounded.
You feel very sick.
The kobold brigand throws a curare-tipped dart.
The curare-tipped dart hits you.
You are more poisoned.
You have difficulty breathing.
You feel as though you will be slow longer.
Casting: Shock (safe; 6% risk of failure)
Confirm with . or Enter, or press ? or * to list all spells.
Aiming: Shock (safe; 6% risk of failure)
Press: ? - help, Shift-Dir - straight line, f/p - kobold brigand
Aim: a kobold brigand, wielding a +0 dagger of venom and quivering curare-tipped darts (lightly wounded, 60% to hit)
The zap hits the kobold brigand.
The kobold brigand is moderately wounded.
* * * LOW HITPOINT WARNING * * *
You feel very sick.
Unknown command.
Casting: Shock (safe; 6% risk of failure)
Confirm with . or Enter, or press ? or * to list all spells.
Aiming: Shock (safe; 6% risk of failure)
Press: ? - help, Shift-Dir - straight line, f/p - kobold brigand
Aim: a kobold brigand, wielding a +0 dagger of venom and quivering curare-tipped darts (moderately wounded, 60% to hit)
The zap hits the kobold brigand.
The kobold brigand is heavily wounded.
* * * LOW HITPOINT WARNING * * *
You feel very sick.
The kobold brigand hits you but does no damage.
You are more poisoned.
Your magical contamination has completely faded away.
Casting: Shock (safe; 6% risk of failure)
Confirm with . or Enter, or press ? or * to list all spells.
Aiming: Shock (safe; 6% risk of failure)
Press: ? - help, Shift-Dir - straight line, f/p - kobold brigand
Aim: a kobold brigand, wielding a +0 dagger of venom and quivering curare-tipped darts (heavily wounded, 60% to hit)
The zap hits the kobold brigand.
The kobold brigand is heavily wounded.
You die...

# .# .# .## .# ..+ .# .##
##.# .. +.. ####### # #..
#.###.....### # .
#...........###### #
#....#####@K))...#
#######)####≈~≈###.......
......))#~~~~≈~~~######..
#######.##~~~~~~~~~####
............~~~##.....#
#######.###.#####.#####
###.# #.# #.# #.# ....#
#.# #.# #.# ###.# #.# #.#
#.#


You could see a kobold brigand.

Vanquished Creatures
  3 adders
  3 gnolls (D:3)
  2 worms (D:2)
  3 dart slugs
  An orc (D:3)
  3 endoplasms
  4 giant cockroaches
  3 goblins
  2 hobgoblins
  2 quokkas (D:1)
  4 ball pythons
  6 bats
  5 frilled lizards
  11 kobolds
  4 rats
56 creatures vanquished.

Notes
Turn   | Place    | Note
-------+----------+-------------------------------------------
     0 | D:1      | Sabo the Draconian Air Elementalist began the quest for the
                  | Orb.
     0 | D:1      | Reached XP level 1. HP: 14/14 MP: 3/3
   455 | D:1      | Reached XP level 2. HP: 16/20 MP: 0/5
  1405 | D:2      | Reached XP level 3. HP: 16/26 MP: 2/6
  1656 | D:2      | Identified the +2 pair of boots "Rargh" {rN+ Str-3 Dex+6}
  1886 | D:2      | Reached skill level 1 in Axes
  2409 | D:3      | Reached XP level 4. HP: 34/34 MP: 7/7
  2990 | D:3      | Noticed a kobold brigand
  2998 | D:3      | Succumbed to a kobold brigand's poison

Illustrated notes

Levels and vault maps discovered:
D:1:      sevenhm_arrival_forest_fort_large_2, layout_rooms
D:2:      layout_basic
D:3:      cheibrodos_thug_alley, layout_basic, good_gods_mini_temple

Skill      XL: |  1  2  3 |
---------------+----------+-----
Dodging        | 2 |  2.2
Stealth        | 2 |  2.2
Axes           | 1 |  1.7
Fighting       | |  0.6
Spellcasting   | |  2.6
Conjurations   | |  1.9
Air Magic      | |  3.6

Action                     |  1- 3 |  4- 6 || total
---------------------------+-------+-------++-------
  Melee: Dagger            |     6 |       ||     6
         Hand axe          |    75 |    27 ||   102
         Tailslap          |    15 |     3 ||    18
         Punch             |     1 |       ||     1
   Cast: Shock             |    51 |    20 ||    71
    Use: Scroll            |     5 |       ||     5
   Stab: Sleeping          |     1 |       ||     1
 Armour: Skin              |    26 |    14 ||    40
  Dodge: Dodged            |    54 |    19 ||    73
